AoeStats
← seerosensalat

African Clearing

504561986Analyzed
2v2 RM · 28d ago on Sep 5, 2026· 21m 35s· 4 players
Game mode
Random Map
Map size
Medium (4 player)
Population
200
Speed
Normal
Resources
Standard
Victory
Conquest
Starting age
Dark Age
Ending age
Imperial Age
RankedLock teamsTeams togetherTeam positionsShared explorationLock speedFull tech treeHidden civsTurbo modeCheats
Victory
Defeat
🇨🇱 Magyars · Chile
1277
+14
🇨🇱 Mongols · Chile
1214
+17
🇩🇪 Vietnamese · Germany
1320
-19
🇩🇪 Huns · Germany
1139
-12
Lumpipdm
6:24 Loom
15:26 Feudal Age
20:03 Castle Age
19:23 Forging
19:55 Scale Barding Armor
20:08 Horse Collar
20:15 Double-Bit Axe
seerosensalat
7:48 Loom
11:42 Feudal Age
12:05 Man-at-Arms
15:56 Wheelbarrow
16:35 Fletching
[CL]Sendoh
4:41 Loom
12:30 Feudal Age
13:23 Double-Bit Axe
18:28 Scale Barding Armor
21:12 Bloodlines
[CL]Jigsaw
3:48 Loom
12:19 Feudal Age
14:50 Town Watch
16:45 Fletching
18:25 Padded Archer Armor
Connection lost

Rejoining the realm…

Still unreachable

The connection could not be restored.

Session expired

The server has moved on; the page needs a fresh start.